AoeStats
← PZ|MBalu

Arabia

506225016Analyzed
2v2 RM · 21d ago on Sep 12, 2026· 71m 54s· 4 players
Game mode
Random Map
Map size
Medium (4 player)
Population
200
Speed
Normal
Resources
Standard
Victory
Conquest
Starting age
Dark Age
Ending age
Imperial Age
RankedLock teamsTeams togetherTeam positionsShared explorationLock speedFull tech treeHidden civsTurbo modeCheats
Victory
Defeat
🇦🇷 Huns · Argentina
1273
+14
🇹🇷 Khmer · Türkiye
1254
+14
🇭🇺 Ethiopians · Hungary
1252
-15
🇭🇺 Magyars · Hungary
1204
-13
fikretakman47
4:45 Loom
5:45 Loom
8:24 Feudal Age
9:46 Double-Bit Axe
17:11 Bloodlines
17:41 Scale Barding Armor
20:00 Forging
25:29 Horse Collar
28:12 Castle Age
29:30 Wheelbarrow
29:01 Husbandry
34:54 Bow Saw
37:17 Hand Cart
39:17 Pikeman
40:51 Chain Barding Armor
49:50 Heavy Plow
50:00 Town Watch
54:10 Imperial Age
52:09 Scale Mail Armor
54:46 Halberdier
55:42 Town Patrol
57:08 Cavalier
58:48 Crop Rotation
61:01 Light Cavalry
64:27 Stone Mining
64:28 Gold Mining
67:37 Chain Mail Armor
69:58 Conscription
Soul Manus
7:16 Loom
9:51 Feudal Age
13:15 Scale Barding Armor
18:49 Double-Bit Axe
21:25 Forging
26:42 Castle Age
30:52 Bloodlines
34:32 Padded Archer Armor
34:27 Fletching
36:51 Bodkin Arrow
39:01 Padded Archer Armor
40:03 Ballistics
42:03 Wheelbarrow
41:15 Town Watch
43:56 Bow Saw
43:31 Horse Collar
44:49 Hand Cart
44:48 Husbandry
50:09 Imperial Age
48:20 Marauders
49:00 Chain Barding Armor
51:01 Heavy Plow
51:01 Gold Mining
52:30 Conscription
52:02 Elite Tarkan
55:11 Plate Barding Armor
55:12 Iron Casting
60:05 Blast Furnace
60:11 Light Cavalry
63:08 Town Patrol
62:39 Hussar
64:45 Pikeman
65:26 Squires
65:48 Cavalier
68:58 Parthian Tactics
71:27 Heavy Cavalry Archer
PZ|SlothKing
9:05 Feudal Age
9:12 Loom
12:28 Fletching
12:38 Padded Archer Armor
22:40 Castle Age
22:41 Double-Bit Axe
22:43 Crossbowman
23:37 Bodkin Arrow
23:58 Leather Archer Armor
24:28 Horse Collar
26:10 Town Watch
41:23 Gold Mining
49:38 Imperial Age
47:46 Wheelbarrow
48:46 Bow Saw
49:19 Heavy Plow
50:44 Gold Shaft Mining
51:26 Chemistry
51:23 Ballistics
50:51 Arbalester
53:55 Two-Man Saw
55:31 Scale Mail Armor
55:42 Forging
55:33 Bracer
56:03 Ring Archer Armor
55:33 Halberdier
59:18 Squires
59:04 Arson
58:56 Elite Skirmisher
PZ|MBalu
7:08 Loom
10:00 Feudal Age
10:47 Double-Bit Axe
13:34 Wheelbarrow
22:10 Scale Barding Armor
24:12 Horse Collar
29:18 Castle Age
28:12 Gold Mining
28:41 Bloodlines
31:47 Heavy Plow
35:00 Wheelbarrow
39:19 Chain Barding Armor
48:13 Imperial Age
49:32 Plate Barding Armor
48:22 Cavalier
49:43 Bow Saw
50:16 Paladin
51:19 Fletching
52:49 Bodkin Arrow
54:40 Husbandry
54:03 Light Cavalry
58:51 Hussar
60:02 Man-at-Arms
60:07 Pikeman
64:41 Halberdier
66:51 Scale Mail Armor
Connection lost

Rejoining the realm…

Still unreachable

The connection could not be restored.

Session expired

The server has moved on; the page needs a fresh start.